 Dungeon Crawl Stone Soup version 0.19-a0-1007-g133f65f (webtiles) character file.

16 Musica the Digger (level 2, -8/15 HPs)
             Began as a Gargoyle Earth Elementalist on July 20, 2016.
             Mangled by Sigmund
             ... wielding a +0 scythe
              (9 damage)
             ... on level 2 of the Dungeon.
             The game lasted 00:03:38 (812 turns).

Musica the Digger (Gargoyle Earth Elementalist)      Turns: 812, Time: 00:03:40

Health: -8/15      AC:  4    Str: 11    XL:     2   Next: 54%
Magic:  0/5        EV: 12    Int: 15    God:
Gold:   54         SH:  0    Dex: 10    Spells: 1 memorised, 4 levels left

rFire  . . .     SeeInvis .     m - +0 club
rCold  . . .     Gourm    .     c - +0 robe
rNeg   + . .     Faith    .     (no shield)
rPois  ∞         Spirit   .     (no helmet)
rElec  +         Dismiss  .     (no cloak)
rCorr  .         Reflect  .     (no gloves)
SustAt .         Harm     .     (no boots)
MR     .....                    (no amulet)
Stlth  ++........               (no ring)
                                (no ring)

@: not resistant to hostile enchantments, unstealthy
A: negative energy resistance 1, electricity resistance, unbreathing,
petrification resistance, rot immunity, AC +2
a: no special abilities


You were on level 2 of the Dungeon.
You were not hungry.

You visited 1 branch of the dungeon, and saw 2 of its levels.

You collected 54 gold pieces.

Inventory:

Hand Weapons
 i - a +0 whip
 m - a +0 club (weapon)
Missiles
 b - 15 stones (quivered)
 k - 16 sling bullets
Armour
 c - a +0 robe (worn)
Jewellery
 g - an uncursed ring of see invisible
 o - an uncursed ring of protection from magic
Scrolls
 f - 2 scrolls of identify {unknown}
 l - a scroll of recharging {unknown}
Potions
 h - 2 potions of magic {unknown}
 j - a potion of flight {unknown}
Books
 e - a book of Geomancy

   Spells                             Type                      Level
   a - Sandblast                      Earth                        1
   b - Passwall                       Transmutation/Earth          2
   c - Stone Arrow                    Conjuration/Earth            3
   d - Petrify                        Transmutation/Earth          4
   e - Lee's Rapid Deconstruction     Earth                        5
Comestibles
 a - a royal jelly
 d - 2 bread rations


   Skills:
 - Level 1.5 Dodging
 - Level 2.1 Stealth
 + Level 2.1 Spellcasting
   Level 0.7 Transmutations
 + Level 4.4 Earth Magic


You had 4 spell levels left.
You knew the following spells:

 Your Spells              Type           Power        Failure   Level  Hunger
a - Sandblast             Erth           ###...       3%          1    #......


Dungeon Overview and Level Annotations

Branches:
Dungeon (2/15)

Altars:

Annotations:
D:2 Sigmund


Innate Abilities, Weirdness & Mutations

You are resistant to torment.
Your stone body is resilient. (AC +2)
You are immune to poison.
You resist negative energy. (rN+)
You are resistant to electric shocks. (rElec)
You can survive without breathing.
You are immune to petrification.
You are immune to rotting.


Message History

Aim: Sigmund, wielding a scythe and wearing a robe (heavily wounded)
The rocky blast hits Sigmund.
Sigmund is heavily wounded.
Sigmund closely misses you.
Wield which item (- for none, * to show all)? (? for menu, Esc to quit)
m - a +0 club (weapon)
Sigmund gestures at you while chanting. The puff of flame hits you!
Ouch! That really hurt!
* * * LOW HITPOINT WARNING * * *
You see here a dagger.
You are too injured to fight recklessly!
You hit Sigmund.
Sigmund is severely wounded.
Sigmund mumbles some strange words.
Sigmund flickers and vanishes!
Deactivating autopickup; reactivate with Ctrl-A.
Something hits you!
Ouch! That really hurt!
You die...

#.. # #.#. #..### .# ..
#... #....##.#.@. #...
#####........g.. #...
...............? +...
####....###.... ####
##.#.# . # ###{# # #@# #
#####.# #+# #.....# #.#
#.##### #.# #.# ##.##
#####.##########...##
#.......#.....#.....#
#.###.#.#.....##...#######
#.# #.........###.........


There were no monsters in sight!

Vanquished Creatures
  4 bats
  A giant cockroach (D:1)
  2 goblins
  2 hobgoblins (D:1)
  3 kobolds (D:1)
  2 rats (D:1)
14 creatures vanquished.

Notes
Turn   | Place    | Note
-------+----------+-------------------------------------------
     0 | D:1      | Musica the Gargoyle Earth Elementalist began the quest for the Orb.
     0 | D:1      | Reached XP level 1. HP: 10/10 MP: 3/3
   108 | D:1      | Reached skill level 4 in Earth Magic
   192 | D:1      | Reached XP level 2. HP: 15/15 MP: 0/5
   796 | D:2      | Noticed Sigmund
   812 | D:2      | Mangled by Sigmund

Vault maps used:
D:1:      lemuel_arrival_river_ford
D:2:      lemuel_blue_sif_altar, first_bread, uniq_crazy_yiuf_cottage,
          uniq_natasha, uniq_sigmund

Skill      XL: |  1 |
---------------+----+-----
Earth Magic    | 4 |  4.4
Dodging        | |  1.5
Stealth        | |  2.1
Spellcasting   | |  2.1
Transmutations | |  0.7

Action                   || total
-------------------------++-------
Melee: Whip              ||    14
       Club              ||     7
 Cast: Sandblast         ||    18
 Stab: Sleeping          ||     1
Armor: Robe              ||    14
Dodge: Dodged            ||    26
